Description

Harstem double oracle good against 3 rax openers

VOD

https://www.youtube.com/watch?v=0CZmPY6hpu4

Replay - Simulacrum LE (87)

Build Order

Get SALT Encoding   

  12  0:00  Probe  
  13  0:12  Probe  
  14  0:18  Pylon  
  14  0:24  Probe (Chrono Boost)  
  15  0:37  Probe (Chrono Boost), Gateway  
  16  0:45  Probe (Chrono Boost)  
  16  0:48  Assimilator  
  17  0:51  Probe  
  18  1:03  Probe  
  19  1:15  Probe  
  20  1:22  Nexus  
  20  1:32  Cybernetics Core  
  20  1:34  Probe  
  20  1:39  Assimilator  
  21  1:46  Probe  
  22  1:49  Pylon  
  23  2:05  Adept (Chrono Boost)  
  25  2:12  Stargate  
  26  2:26  Adept (Chrono Boost)  
  29  2:34  Warp Gate  
  32  2:49  Adept  
  38  3:12  Oracle (Chrono Boost)  
  41  3:32  Gateway x2  
  43  3:43  Oracle (Chrono Boost)  
  43  3:45  Pylon  
  46  3:54  Nexus  
  46  4:08  Pylon  
  49  4:20  Forge  
  49  4:21  Twilight Council  
  50  4:28  Sentry  
  50  4:30  Assimilator  
  54  4:43  Protoss Ground Armor Level 1 (Chrono Boost)  
  56  4:46  Zealot x2  
  56  4:51  Shield Battery  
  56  4:52  Pylon  
  61  4:54  Charge (Chrono Boost)  
  62  5:06  Stalker x2  
  61  5:22  Sentry  
  61  5:27  Gateway x3  
  66  5:37  Sentry  
  69  5:43  Assimilator  
  69  5:44  Zealot  
  74  5:58  Zealot  
  74  6:03  Gateway x2  
  77  6:06  Templar Archives, Zealot x2  
  82  6:17  Assimilator  
  83  6:21  Zealot x3  
  90  6:36  Zealot  
  90  6:37  Robotics Facility  
  96  6:47  High Templar x2  
  96  6:52  Archon  
  102  6:55  Protoss Ground Armor Level 2 (Chrono Boost)  
  102  6:58  Stalker x3  
  111  7:19  Photon Cannon  
  111  7:21  High Templar x2  
  123  7:27  Archon  
  122  7:31  Forge  
  122  7:42  Warp Prism (Chrono Boost), Nexus  
  122  7:45  Robotics Bay  
  124  7:55  Blink (Chrono Boost)  
  124  7:57  Assimilator  
  125  8:00  Stalker x2  
  127  8:15  Robotics Facility  
  128  8:27  Photon Cannon x2  
  128  8:29  Disruptor (Chrono Boost)  
  131  8:35  High Templar x2  
  131  8:40  Archon  
  144  8:57  Disruptor (Chrono Boost)  
  153  9:13  Disruptor (Chrono Boost)  
  153  9:14  Gateway x2  
  163  9:17  Protoss Ground Armor Level 3  
  163  9:23  Disruptor (Chrono Boost)  
  180  9:41  Disruptor (Chrono Boost)  
  177  9:51  Disruptor (Chrono Boost)  
Spawning Tool Build Advisor. Get it on Overwolf

Go to:

Details

  • Created by: SH4PE
  • Published on: May 28, 2021
  • Modified on: May 28, 2021
  • Patch: 4.11.0
  • Difficulty: Medium
Show
View Real Time Build Order
Export as new Build Order

Comments (0)

There are no comments. Be the first!

Create an account to comment!